 Dungeon Crawl Stone Soup version 0.31.0-11-ge490571c62 (webtiles) character file.

Game seed: 18271949788271703530

48 qw the Shooter (level 3, -3/20 HPs)
             Began as a Deep Elf Hunter on Feb 4, 2024.
             Slain by Sigmund
             ... wielding a +0 scythe
              (7 damage)
             ... on level 2 of the Dungeon.
             The game lasted 00:00:04 (1507 turns).

qw the Shooter (Deep Elf Hunter)                    Turns: 1507, Time: 00:00:04

Health: -3/20      AC:  3    Str: 10    XL:     3   Next: 50%
Magic:  5/5        EV: 12    Int: 13    God:
Gold:   26         SH:  0    Dex: 18    Spells: 2/2 levels left

rFire   . . .        a - +0 shortbow
rCold   . . .        (shield currently unavailable)
rNeg    . . .        c - +0 leather armour
rPois   .            (no helmet)
rElec   .            (no cloak)
rCorr   .            (no gloves)
SInv    .            (no boots)
Will    .....        (no amulet)
Stlth   ++           (no ring)
HPRegen 0.23/turn    (no ring)
MPRegen 0.09/turn

%: no passive effects
@: no status effects
A: no striking features
a: no special abilities


You were on level 2 of the Dungeon.
You visited 1 branch of the dungeon, and saw 2 of its levels.

You collected 86 gold pieces.
You spent 60 gold pieces at shops.


   Skills:
 - Level 1.5 Fighting
 + Level 7.0 Ranged Weapons
 - Level 2.4 Dodging
 - Level 1.2 Stealth


You had 2 spell levels left.
You didn't know any spells.
Your spell library was empty.

Inventory:

Hand Weapons
 a - a +0 shortbow (weapon)
Armour
 b - a +0 helmet
 c - a +0 leather armour (worn)
 h - a +0 pair of gloves
Scrolls
 e - a scroll of silence {unknown}
 j - 2 scrolls of fog {unknown}
Potions
 d - 2 potions of mutation
 f - a potion of curing
 g - a potion of brilliance {unknown}
 i - a potion of heal wounds

Dungeon Overview and Level Annotations

Branches:
Dungeon (2/15)

Altars:

Shops:
D:2 *

Annotations:
D:2 Sigmund


Message History

You kill the ribbon worm!
j - 2 scrolls labelled USSOHI XEOXT (gained 1)
Found a trident.
You see here a +0 trident.
You see here a +0 trident.
You now have 26 gold pieces (gained 6).
Found 6 atropa-tipped darts.
You see here 6 atropa-tipped darts.
Sigmund the Dreaded comes into view.
He is wielding a +0 scythe.
Sigmund shouts!
Sigmund gestures at you while chanting.
You are confused.
1498 ||| DRINKING 2 amethyst potions.
It was a potion of curing.
You feel better.
You shoot an arrow. The arrow hits Sigmund.
Sigmund is moderately wounded.
You shoot an arrow. The arrow hits Sigmund.
Sigmund is heavily wounded.
Sigmund gestures at you while chanting. The puff of flame hits you!
Sigmund hits you from afar with a +0 scythe!
Ouch! That really hurt!
1501 ||| DRINKING 2 potions of heal wounds.
You feel much better.
You shoot an arrow. The arrow hits Sigmund.
Sigmund is heavily wounded.
Sigmund mumbles some strange words.
Sigmund flickers and vanishes!
Deactivating autopickup; reactivate with Ctrl-A.
You shoot an arrow. Something hits you!
Ouch! That really hurt!
You shoot an arrow. Something barely misses you.
You shoot an arrow. You shoot an arrow. Something hits you.
You shoot an arrow. Something hits you!
You die...

#...### #....###).........#
......# ##.##.......####..#
#...#.# #.##.#####.####..#
#...#.### #.##.#####.#.....#
..).....# #..........#.##.##
....#.#.########.##.##......#
....#.#.%.....##.##.##.#.####
......#.#####.##.........#
.....##.#####.##@#####.###
###(.......##.##..{....#
#.....##.##.##########
#..##.......# #..###......#
###.## #.#.##.# ....##
#.#.##.# .....# #.#....#
....%# #.####.#


There were no monsters in sight!

Vanquished Creatures
  An adder (D:2)
  A dart slug (D:2)
  A ribbon worm (D:2)
  An endoplasm (D:1)
  2 giant cockroaches
  3 hobgoblins (D:1)
  2 quokkas
  2 ball pythons (D:1)
  3 bats (D:1)
  5 frilled lizards
  7 goblins
  3 kobolds
  6 rats
37 creatures vanquished.

Notes
Turn   | Place    | Note
-------+----------+-------------------------------------------
     0 | D:1      | qw the Deep Elf Hunter began the quest for the Orb.
     0 | D:1      | Reached XP level 1. HP: 12/12 MP: 3/3
     0 | D:1      | 0 ||| qw: Version: 0.3-a-160-g6735b56
     0 | D:1      | 0 ||| qw: Game counter: 5099
     0 | D:1      | 0 ||| qw: Melee chars always use a shield: true
     0 | D:1      | 0 ||| qw: God list: Okawaru
     0 | D:1      | 0 ||| qw: Allow faded altars: false
     0 | D:1      | 0 ||| qw: Do Orc after clearing Dungeon:15 true
     0 | D:1      | 0 ||| qw: Do second Lair branch before Depths: true
     0 | D:1      | 0 ||| qw: Lair rune preference: random
     0 | D:1      | 0 ||| qw: Goals: Normal
     0 | D:1      | 0 ||| PLANNING D:1-11
   165 | D:1      | Found a faded altar of an unknown god.
   236 | D:1      | Reached skill level 6 in Ranged Weapons
   236 | D:1      | Reached XP level 2. HP: 16/16 MP: 4/4
   857 | D:1      | 857 ||| READING scroll labelled DOAMAT MUSM.
   858 | D:1      | 858 ||| READING scroll labelled APERAO FYFF.
   859 | D:1      | 859 ||| READING scroll labelled YLUSOICWEOXE.
   859 | D:1      | 859 ||| IDENTIFYING bubbling white potion
   860 | D:1      | 860 ||| DROPPING scroll of butterflies.
   968 | D:2      | Reached XP level 3. HP: 10/20 MP: 5/5
  1279 | D:2      | Found Tany's General Store.
  1289 | D:2      | 1289 ||| BUYING potion of heal wounds (60 gold).
  1289 | D:2      | Bought a potion of heal wounds for 60 gold pieces
  1289 | D:2      | 1289 ||| SHOPLISTING scroll of enchant armour (90 gold,
                  | have 20).
  1289 | D:2      | 1289 ||| SHOPLISTING scroll of teleportation (36 gold, have
                  | 20).
  1403 | D:2      | Reached skill level 7 in Ranged Weapons
  1497 | D:2      | Noticed Sigmund
  1498 | D:2      | 1498 ||| DRINKING 2 amethyst potions.
  1500 | D:2      | HP: 1/20 [Sigmund/+0 scythe (11)]
  1501 | D:2      | 1501 ||| DRINKING 2 potions of heal wounds.
  1506 | D:2      | HP: 4/20 [something (6)]
  1507 | D:2      | Slain by Sigmund

Levels and vault maps discovered:
D:1:      amcnicky_arrival_flooded_fountain, layout_loops_corners,
          shapermc_ecumenical_altar_flowoftime
D:2:      layout_loops_cross, serial_shops, shop, uniq_sigmund

Skill      XL: |  1  2  3 |
---------------+----------+-----
Ranged Weapons | 6 7 |  7.0
Fighting       | |  1.5
Dodging        | |  2.4
Stealth        | |  1.2

Action                     || total
---------------------------++-------
   Fire: Shortbow          ||   105
    Use: Scroll            ||     3
         Potion            ||     2
 Armour: Leather armour    ||    13
  Dodge: Dodged            ||    21

Table legend:
 A = Non-vault XP
 B = Vault XP
 C = Vault XP percentage of total XP
 D = Non-vault monster count
 E = Vault monster count
 F = Vault count percentage of total count
                 A         B        C        D         E       F
            +---------+---------+-------+---------+---------+-------
      Total |      69 |       0 |   0.0 |      37 |       0 |   0.0
            +---------+---------+-------+---------+---------+-------
        D:1 |      31 |       0 |   0.0 |      23 |       0 |   0.0
        D:2 |      38 |       0 |   0.0 |      14 |       0 |   0.0
            +---------+---------+-------+---------+---------+-------
